 Dungeon Crawl Stone Soup version 0.27.1-34-g3ba077fa99 (webtiles) character file.

Game seed: 11025005775482030160

102 cbfl8 the Cutter (level 4, 0/35 HPs)
             Began as a Minotaur Wanderer on Jan 17, 2022.
             Slain by a lemure (4 damage)
             ... led by Pikel
             ... on level 4 of the Dungeon.
             The game lasted 00:04:14 (2291 turns).

cbfl8 the Cutter (Minotaur Wanderer)                Turns: 2291, Time: 00:04:14

Health: 0/35       AC:  5    Str: 16    XL:     4   Next: 50%
Magic:  3/3        EV: 12    Int:  8    God:
Gold:   82         SH:  3    Dex: 12    Spells: 3/3 levels left

rFire    . . .     SeeInvis .   a - +0 falchion
rCold    . . .     Faith    .   f - +0 buckler
rNeg     . . .     Spirit   .   c - +0 leather armour
rPois    .         Reflect  .   k - +2 hat
rElec    .         Harm     .   (no cloak)
rCorr    .         Rampage  .   (no gloves)
Will     .....                  (no boots)
Stlth    ++........             (no amulet)
HPRegen  0.11/turn              (no ring)
MPRegen  0.08/turn              (no ring)

@: no status effects
A: horns 2, retaliatory headbutt
a: no special abilities


You were on level 4 of the Dungeon.
You visited 1 branch of the dungeon, and saw 4 of its levels.

You collected 82 gold pieces.

Inventory:

Hand Weapons
 a - a +0 falchion (weapon)
 d - a +0 short sword
 e - a +0 dagger
Missiles
 b - 4 throwing nets (quivered)
Armour
 c - a +0 leather armour (worn)
 f - a +0 buckler (worn)
 k - a +2 hat (worn)
Magical Staves
 j - a staff of cold
Scrolls
 l - 2 scrolls of identify {unknown}
 m - 2 scrolls of enchant armour {unknown}
 n - a scroll of blinking {unknown}
 p - a scroll of teleportation {unknown}
Potions
 g - a potion of attraction {unknown}
 h - 2 potions of curing {unknown}
 i - a potion of mutation {unknown}
 o - a potion of cancellation {unknown}


   Skills:
 + Level 1.6 Fighting
 + Level 4.1(4.2) Short Blades
 + Level 1.8(3.4) Long Blades
 + Level 2.5 Armour
 + Level 3.8 Dodging
 + Level 1.8 Stealth
 + Level 1.0 Evocations


You had 3 spell levels left.
You didn't know any spells.
Your spell library contained the following spells:

 Spells                   Type           Power      Damage    Failure   Level
 Foxfire                  Conj/Fire      0%         2x1d4     65%         1
 Conjure Flame            Conj/Fire      0%         6-21      95%         3
 Inner Flame              Hex/Fire       0%         N/A       95%         3


Dungeon Overview and Level Annotations

Branches:
Dungeon (4/15)
 Temple: D:4-7

Altars:
Xom


Innate Abilities, Weirdness & Mutations

You have a pair of horns on your head.
You reflexively headbutt those who attack you in melee.


Message History

The lemure closely misses you.
You riposte.
You hit the lemure. Your headbutt misses the lemure.
The lemure is moderately wounded.
The kobold hits you with a +0 club.
You closely miss the kobold. You headbutt the kobold.
You kill the kobold!
The lemure hits you. The lemure hits you but does no damage.
You see here a +0 club.
You hit the lemure but do no damage.
The lemure is moderately wounded.
The lemure barely misses you.
You riposte.
You barely miss the lemure.
The lemure is moderately wounded.
Unknown command.
You completely miss the lemure. Your headbutt misses the lemure.
The lemure is moderately wounded.
The lemure hits you!
Unknown command.
You hit the lemure.
The lemure is heavily wounded.
The lemure hits you.
Unknown command.
You barely miss the lemure. Your headbutt misses the lemure.
The lemure is heavily wounded.
The lemure hits you but does no damage.
Unknown command.
You closely miss the lemure. You headbutt the lemure.
The lemure is severely wounded.
The lemure hits you.
You hit the lemure.
The lemure is almost dead.
The lemure hits you!
* * * LOW HITPOINT WARNING * * *
The lemure completely misses you.
Unknown command.
You barely miss the lemure.
You headbutt the lemure, but do no damage.
The lemure is almost dead.
The lemure hits you.
You die...

##+## #### ##...##
#.. ... ##....<##
#.###.>..
##.......####.#.#....
#..........K5@.......
+.......###'###......
#.......#.....#......
##......#.....#......
##.....#.._..#.###.#
##....#.....#.# #
##+#.#.....#.#
#.#######.#
#...K.....#


You could see a lemure and a kobold.

Vanquished Creatures
  An orc priest (D:3)
  A hound (D:2)
  A dart slug (D:1)
  An orc (D:3)
  3 ball pythons
  7 bats
  3 endoplasms
  3 goblins
  5 hobgoblins
  3 jackals (D:3)
  2 quokkas
  2 frilled lizards (D:1)
  2 kobolds
  5 rats
39 creatures vanquished.

Notes
Turn   | Place    | Note
-------+----------+-------------------------------------------
     0 | D:1      | cbfl8 the Minotaur Wanderer began the quest for the Orb.
     0 | D:1      | cbfl8 set off with the following items: a +0 falchion, 4
                  | throwing nets, a +0 leather armour, a +0 short sword, a +0
                  | dagger
     0 | D:1      | Reached XP level 1. HP: 16/16 MP: 0/0
   187 | D:1      | Reached XP level 2. HP: 22/23 MP: 1/1
   430 | D:1      | Reached skill level 4 in Short Blades
   889 | D:2      | Reached skill level 1 in Armour
  1085 | D:2      | Reached XP level 3. HP: 20/28 MP: 2/2
  1465 | D:2      | Reached skill level 1 in Long Blades
  2039 | D:3      | Reached XP level 4. HP: 31/35 MP: 3/3
  2087 | D:4      | Found a shimmering altar of Xom.
  2257 | D:4      | Noticed a lemure
  2291 | D:4      | Slain by a lemure

Illustrated notes

Levels and vault maps discovered:
D:1:      ncdulo_smallfort, layout_basic
D:2:      layout_basic, kennysheep_generic_room_15
D:3:      lemuel_castle_with_subvaults [lemuel_castle_interior_carwin_3],
          layout_basic, serial_shops, shop, shop, hangedman_glass_teeth
D:4:      layout_loops_corners, amcnicky_altar_gilded,
          amethyst_overflow_temple_binary, kennysheep_path_1, uniq_eustachio,
          uniq_pikel

Skill      XL: |  1  2  3 |
---------------+----------+-----
Short Blades   | 4 |  4.1
Armour         | 1 2 |  2.5
Long Blades    | 1 |  1.8
Fighting       | |  1.6
Dodging        | |  3.8
Stealth        | |  1.8
Evocations     | |  1.0

Action                   |  1- 3 |  4- 6 || total
-------------------------+-------+-------++-------
Melee: Falchion          |    75 |    18 ||    93
       Headbutt          |    15 |     5 ||    20
Armor: Leather armour    |    24 |     6 ||    30
Dodge: Dodged            |    71 |    11 ||    82
Block: Buckler           |     9 |     1 ||    10
       Rpst.: Falchion   |    19 |     5 ||    24
